 Dungeon Crawl Stone Soup version 0.31.0-11-ge490571c62 (webtiles) character file.

Game seed: 4803057387971796282

273 CyriusSolstice the Chiller (level 6, -1/29 HPs)
             Began as a Felid Ice Elementalist on Jan 31, 2024.
             Was an Initiate of Qazlal.
             Slain by a jelly (3 damage)
             ... on level 5 of the Dungeon.
             The game lasted 00:26:52 (4229 turns).

CyriusSolstice the Chiller (Felid Ice Elementalist) Turns: 4229, Time: 00:26:52

Health: -1/29      AC:  2    Str:  4    XL:     6   Next: 3%
Magic:  7/12       EV: 18    Int: 21    God:    Qazlal [......]
Gold:   138        SH:  0    Dex: 16    Spells: 2/12 levels left
                                        Lives:  0   Deaths: 2

rFire   . . .        (weapon unavailable)
rCold   . . .        (shield unavailable)
rNeg    . . .        (body armour unavailable)
rPois   .            (helmet unavailable)
rElec   .            (cloak unavailable)
rCorr   .            (gloves unavailable)
SInv    +            (boots unavailable)
Will    .....        (no amulet)
Stlth   ++           (no ring)
HPRegen 0.24/turn    (no ring)
MPRegen 0.13/turn

%: no passive effects
@: freezing walls
A: very small, claws 1, fangs 3, see invisible, shaggy fur 2, stealthy paws, no
weapons or thrown items, no armour, multi-lived
a: Renounce Religion


You were on level 5 of the Dungeon.
You worshipped Qazlal.
Qazlal was noncommittal.
You visited 1 branch of the dungeon, and saw 5 of its levels.

You collected 138 gold pieces.

Inventory:

Hand Weapons
 d - a +4 short sword
 f - a +0 mace
 g - a +0 scythe
 h - a +0 dagger of venom
 l - a +0 scythe
 n - a +0 scythe
Missiles
 m - 8 atropa-tipped darts
 o - 8 poisoned darts
 q - a throwing net
Armour
 j - a +1 chain mail
Talismans
 v - a serpent talisman
Scrolls
 e - a scroll of noise
 i - 2 scrolls of teleportation
 k - a scroll of amnesia
 r - a scroll of revelation {unknown}
 t - a scroll of identify
 u - a scroll of blinking {unknown}
Potions
 a - a potion of magic
 b - a potion of might
 c - a potion of enlightenment
 p - a potion of lignification {unknown}
 s - a potion of curing


   Skills:
 + Level 0.4 Fighting
 + Level 3.9 Dodging
 + Level 3.2 Stealth
 + Level 0.7 Unarmed Combat
 + Level 3.5 Spellcasting
 + Level 5.2 Ice Magic
 + Level 0.5 Evocations


You had 2 spell levels left.
You knew the following spells:

 Your Spells              Type           Power      Damage    Failure   Level
a - Freeze                Ice            100%       1d10      1%          1
b - Ozocubu's Armour      Ice            25%        N/A       4%          3
c - Frozen Ramparts       Ice            50%        1d8       4%          3
d - Summon Ice Beast      Ice/Summ       14%        N/A       13%         3

Your spell library contained the following spells:

 Spells                   Type           Power      Damage    Failure   Level


Dungeon Overview and Level Annotations

Branches:
Dungeon (5/15)
 Temple: D:4-7

Altars:
Hepliaklqana
Qazlal
Trog

Shops:
D:2 (


Innate Abilities, Weirdness & Mutations

You have sharp claws.
You have razor-sharp teeth.
You have supernaturally acute eyesight. (SInv)
You are covered in thick fur. (AC +2)
Your paws help you pounce on unaware monsters.
You are incapable of wielding weapons or throwing items.
You cannot wear armour.
You gain extra lives every three experience levels.


Message History

Okay, then.
Press: ? - help, v - describe, . - travel The floor.
Casting: Freeze (safe; 1% risk of failure)
Confirm with . or Enter, or press ? or * to list all spells.
You don't know that spell.
Casting: Freeze (safe; 1% risk of failure)
Confirm with . or Enter, or press ? or * to list all spells.
Casting: Frozen Ramparts (dangerous; 4% risk of failure)
Press: ? - help, Dir - look around, f - activate The walls around you are covered in ice.
The jelly quivers.
The wall freezes the dart slug!
You kill the dart slug!
Qazlal accepts your kill.
Okay, then.
The frozen ramparts melt away as you move.
The jelly attacks as it pursues you! The jelly hits you.
You are splashed with acid!
Casting: Frozen Ramparts (dangerous; 4% risk of failure)
Confirm with . or Enter, or press ? or * to list all spells.
Casting: Frozen Ramparts (dangerous; 4% risk of failure)
Press: ? - help, Dir - look around, f - activate
Okay, then.
Okay, then.
Casting: Frozen Ramparts (dangerous; 4% risk of failure)
Confirm with . or Enter, or press ? or * to list all spells.
Casting: Frozen Ramparts (dangerous; 4% risk of failure)
Press: ? - help, Dir - look around, f - activate The walls around you are covered in ice.
Okay, then.
The jelly misses you. The jelly hits you.
You are splashed with acid!
* * * LOW HITPOINT WARNING * * *
You scratch the jelly.
Your paws burn!
* * * LOW HITPOINT WARNING * * *
You bite the jelly.
The jelly is heavily wounded.
The jelly hits you.
You die...

...##..... .........
......... #.......
############ #.....
#..........# #...######
#..........####........#
.........J@.....<..#
#..........####....#
........#.## #....#
...#.##†#.# ####.# .# #.
#.... .# . #..... .# #
###.... # #.....


You could see a jelly.

Vanquished Creatures
  A kobold brigand (D:4)
  2 scorpions (D:4)
  2 adders (D:4)
  A gnoll (D:4)
  A dart slug (D:5)
  2 ribbon worms
  4 orcs (D:3)
  4 bats
  5 endoplasms (D:1)
  4 goblins
  5 hobgoblins
  3 kobolds (D:1)
  A quokka (D:3)
  8 ball pythons
  2 frilled lizards (D:1)
  2 rats
47 creatures vanquished.

Vanquished Creatures (collateral kills)
  A gnoll (D:4)
  A white imp (D:4)
2 creatures vanquished.

Vanquished Creatures (others)
  A gnoll (D:4)
1 creature vanquished.

Grand Total: 50 creatures vanquished

Notes
Turn   | Place    | Note
-------+----------+-------------------------------------------
     0 | D:1      | CyriusSolstice the Felid Ice Elementalist began the quest
                  | for the Orb.
     0 | D:1      | Reached XP level 1. HP: 9/9 MP: 4/4
   187 | D:1      | Reached skill level 4 in Ice Magic
   187 | D:1      | Reached XP level 2. HP: 13/13 MP: 4/6
   316 | D:1      | You fall into a shaft and drop 1 floor!
   413 | D:2      | Found Maogogef's Antique Weapon Emporium.
   934 | D:2      | Reached XP level 3. HP: 11/16 MP: 4/7
  1432 | D:2      | Found a stormy altar of Qazlal.
  1440 | D:2      | Became a worshipper of Qazlal Stormbringer
  1840 | D:3      | Learned a level 3 spell: Ozocubu's Armour
  2280 | D:4      | Slain by a gnoll
  2280 | D:4      | Lost a life (0 lives remaining)
  2350 | D:4      | Reached XP level 4. HP: 1/21 MP: 6/8
  2350 | D:4      | Gained a life (1 life remaining)
  2758 | D:4      | Noticed a scorpion
  2759 | D:4      | Noticed a scorpion
  2790 | D:4      | Noticed a kobold brigand
  2823 | D:4      | Killed a kobold brigand
  2824 | D:4      | Reached XP level 5. HP: 16/25 MP: 0/10
  2981 | D:4      | Reached skill level 5 in Ice Magic
  2992 | D:4      | Learned a level 3 spell: Frozen Ramparts
  2996 | D:4      | Learned a level 3 spell: Summon Ice Beast
  3131 | D:4      | Found a hazy altar of Hepliaklqana.
  3210 | D:4      | HP: 1/25 [poisoned by a scorpion]
  3211 | D:4      | Succumbed to a scorpion's poison
  3211 | D:4      | Lost a life (0 lives remaining)
  3271 | D:4      | Gained mutation: You are covered in thick fur. (AC +2)
                  | [Felid growth]
  3271 | D:4      | Reached XP level 6. HP: 29/29 MP: 10/12
  4118 | D:4      | Found a bloodstained altar of Trog.
  4211 | D:5      | Entered Level 5 of the Dungeon
  4229 | D:5      | Slain by a jelly

Illustrated notes

Levels and vault maps discovered:
D:1:      minmay_arrival_three_doors, layout_loops_ring, chequers_avenue,
          st_stairs_5, amcnicky_mini_corridor_feature
D:2:      layout_basic, basic_altar, serial_shops,
          nicolae_shop_tiny_real_fake_doors, serial_bayou_lagoon_a,
          columned_hall_lemuel
D:3:      layout_loops_ring
D:4:      layout_basic, nicolae_hepliaklqana_hazy_memory,
          lightli_temple_of_fire, sigmund_army
D:5:      layout_basic, nicolae_yredelemnul_ghost_church,
          minmay_temple_entry_waves

Skill      XL: |  1  2  3  4  5 |
---------------+----------------+-----
Ice Magic      | 4 5 |  5.2
Dodging        | 3 |  3.9
Stealth        | 3 |  3.2
Spellcasting   | 3 |  3.5
Fighting       | |  0.4
Unarmed Combat | |  0.7
Evocations     | |  0.5

Action                     |  1- 3 |  4- 6 || total
---------------------------+-------+-------++-------
  Melee: Unarmed           |    32 |    25 ||    57
         Bite              |     1 |     4 ||     5
   Cast: Freeze            |    62 |    17 ||    79
         Ozocubu's Armour  |       |     3 ||     3
         Frozen Ramparts   |       |     3 ||     3
  Evoke: Wand              |     4 |       ||     4
    Use: Scroll            |     4 |     2 ||     6
         Potion            |     2 |     2 ||     4
 Armour: Skin              |    21 |    15 ||    36
  Dodge: Dodged            |    71 |    32 ||   103
